 Dungeon Crawl Stone Soup version 0.30.1-3-gfc49f6343a (webtiles) character file.

Game seed: 12497360184888399195

114 Peloso the Trooper (level 4, 0/41 HPs)
             Began as a Minotaur Fighter on July 21, 2023.
             Slain by Grinder (6 damage)
             ... while paralysed by Grinder
             ... on level 3 of the Dungeon.
             The game lasted 00:02:59 (2584 turns).

Peloso the Trooper (Minotaur Fighter)               Turns: 2584, Time: 00:02:59

Health: 0/41       AC:  7    Str: 21    XL:     4   Next: 67%
Magic:  3/3        EV:  2    Int:  5    God:
Gold:   159        SH:  0    Dex: 11    Spells: 3/3 levels left

rFire   . . .        a - +0 long sword
rCold   . . .        c - +0 buckler
rNeg    . . .        b - +0 scale mail
rPois   .            (helmet restricted)
rElec   .            (no cloak)
rCorr   .            (no gloves)
SInv    .            (no boots)
Will    .....        (no amulet) Stlth
                     (no ring)
HPRegen 0.26/turn    (no ring)
MPRegen 0.08/turn

%: no passive effects
@: paralysed
A: horns 2, retaliatory headbutt
a: no special abilities


You were on level 3 of the Dungeon.
You visited 1 branch of the dungeon, and saw 3 of its levels.

You collected 159 gold pieces.

Inventory:

Hand Weapons
 a - a +0 long sword (weapon)
Armour
 b - a +0 scale mail (worn)
 c - a +0 buckler (worn)
Wands
 h - a wand of flame (6)
Scrolls
 e - a scroll of fog {unknown}
 f - a scroll of acquirement {unknown}
 g - 3 scrolls of identify
 i - a scroll of butterflies {unknown}
 j - a scroll of magic mapping {unknown}
 k - a scroll of fear {unknown}
Potions
 d - 2 potions of might


   Skills:
 + Level 4.3 Fighting
 + Level 4.1 Long Blades
 + Level 4.3 Armour
 + Level 1.1 Dodging
 + Level 0.2 Stealth
 + Level 4.1 Shields


You had 3 spell levels left.
You didn't know any spells.
Your spell library contained the following spells:

 Spells                   Type           Power      Damage    Failure   Level
 Portal Projectile        Hex/Tloc       0%         N/A       99%         3
 Tukima's Dance           Hex            0%         N/A       99%         3
 Blade Hands              Tmut           0%         N/A       100%        5


Dungeon Overview and Level Annotations

Branches:
Dungeon (3/15)

Altars:
Elyvilon
Xom

Annotations:
D:3 Grinder


Innate Abilities, Weirdness & Mutations

You have a pair of horns on your head.
You reflexively headbutt those who attack you in melee.


Message History

Aim: Grinder (heavily wounded, 64% to hit)
The puff of flame hits Grinder.
Grinder is heavily wounded.
Grinder says, "My boss said I was rubbish.
His entrails said otherwise."
Grinder gestures at you. Pain shoots through your body!
Aiming: Throw Flame
Press: ? - help, Shift-Dir - straight line, f/p - Grinder
Aim: Grinder (heavily wounded, 64% to hit)
The puff of flame hits Grinder!
Grinder is severely wounded.
Grinder blinks!
Grinder hits you.
You writhe in agony.
* * * LOW HITPOINT WARNING * * *
Unknown command.
You closely miss Grinder.
Grinder is severely wounded.
Grinder gestures at you. You resist with significant effort.
Unknown command.
You hit Grinder.
Grinder is severely wounded.
Grinder grins, showing sharp teeth.
Grinder hits you.
* * * LOW HITPOINT WARNING * * *
You writhe in agony.
* * * LOW HITPOINT WARNING * * *
Okay, then.
You completely miss Grinder. You headbutt Grinder.
Grinder is almost dead.
You block Grinder's attack.
Unknown command.
You hit Grinder but do no damage. Your headbutt misses Grinder.
Grinder is almost dead.
Grinder gestures at you.
You suddenly lose the ability to move!
Grinder gestures at you. You resist with significant effort. Grinder hits you.
You die...

.........######.#.##[.#
...................#..#
.........######.#..#..#
.........# #.#..#..#
.........# ##.#.....#
........?# #........# ..
.........# #..#.##..# ..
.........#####..#.##..# ...
........@5......#.....# ....
.........##..#..#.##.##
.................###.#....##.#
..............................
.................###..#.#.##..
.................# #..#.#.# .
.................# #..#.#.#
.................# ...#.#
........ ........# ....


You could see Grinder.

Vanquished Creatures
  Terence (D:3)
  2 adders (D:3)
  A worm (D:3)
  2 dart slugs
  An orc (D:3)
  6 bats
  3 endoplasms
  2 giant cockroaches
  4 goblins
  6 hobgoblins
  10 jackals
  4 kobolds
  2 quokkas
  3 ball pythons (D:2)
  4 frilled lizards
  5 rats
  A spectral kobold (D:1)
57 creatures vanquished.

Notes
Turn   | Place    | Note
-------+----------+-------------------------------------------
     0 | D:1      | Peloso the Minotaur Fighter began the quest for the Orb.
     0 | D:1      | Reached XP level 1. HP: 19/19 MP: 0/0
   184 | D:1      | Found a faded altar of an unknown god.
   231 | D:1      | Reached XP level 2. HP: 26/27 MP: 1/1
  1096 | D:2      | Reached XP level 3. HP: 27/33 MP: 2/2
  1228 | D:2      | Found a shimmering altar of Xom.
  1970 | D:3      | Found a white marble altar of Elyvilon.
  1995 | D:3      | Noticed Terence
  2013 | D:3      | Killed Terence
  2014 | D:3      | Reached XP level 4. HP: 9/41 MP: 3/3
  2375 | D:3      | Reached skill level 1 in Dodging
  2555 | D:3      | Noticed Grinder
  2571 | D:3      | Paralysed by Grinder for 4 turns
  2582 | D:3      | Paralysed by Grinder for 3 turns
  2584 | D:3      | Slain by Grinder

Illustrated notes

Levels and vault maps discovered:
D:1:      roderic_chinese_lattice_arrival, layout_basic,
          dreamdust_ecumenical_altar_drowned_temple
D:2:      layout_basic, basic_altar, hangedman_abyss_or_decor_stabs
D:3:      layout_basic, mainiacjoe_overflow_six_doors_small,
          mainiacjoe_overflow_swirl, kennysheep_another_room, uniq_terence,
          uniq_grinder

Skill      XL: |  1  2  3  4 |
---------------+-------------+-----
Fighting       | 4 |  4.3
Armour         | 4 |  4.3
Long Blades    | 3 4 |  4.1
Shields        | 4 |  4.1
Dodging        | 1 |  1.1
Stealth        | |  0.2

Action                     |  1- 3 |  4- 6 || total
---------------------------+-------+-------++-------
  Melee: Long sword        |   101 |    36 ||   137
         Headbutt          |    11 |     6 ||    17
  Evoke: Wand              |       |     3 ||     3
    Use: Scroll            |     1 |       ||     1
 Armour: Scale mail        |    54 |    17 ||    71
  Dodge: Dodged            |    44 |    21 ||    65
  Block: Buckler           |    27 |     6 ||    33
